 Dungeon Sprint DCSS version 0.26-a0-660-gc07710193c (webtiles) character file.

Game seed: 18303898500365515835

36 sahdkjhfkaj the Conjurer (level 3, -8/25 HPs)
             Began as an Octopode Conjurer on Oct 6, 2020.
             Was a Priest of Sif Muna.
             Mangled by an orc warrior
             ... wielding a +0 trident
              (19 damage)
             ... in the Dungeon (Sprint VII: "The Pits").
             The game lasted 00:01:28 (671 turns).

sahdkjhfkaj the Conjurer (Octopode Conjurer)         Turns: 671, Time: 00:01:29

Health: -8/25      AC:  1    Str:  6    XL:     3   Next: 37%
Magic:  6/7        EV: 14    Int: 21    God:    Sif Muna [***...]
Gold:   0          SH:  0    Dex: 10    Spells: 2/8 levels left

rFire    . . .     SeeInvis .   m - +1 long sword (holy)
rCold    . . .     Faith    .   (no shield)
rNeg     . . .     Spirit   .   (helmet restricted)
rPois    .         Reflect  .   (no amulet)
rElec    .         Harm     .   (no ring)
rCorr    .         Rampage  .   (no ring)
MR       .....     NoTele   +   (no ring)
Stlth    +++.......             (no ring)
HPRegen  0.08/turn              (no ring)
MPRegen  0.10/turn              (no ring)
                                (no ring)
                                (no ring)

@: no status effects
A: almost no armour, stealthy swim, amphibious, 8 rings, constrict 8, camouflage
1, gelatinous body 1
a: Channel Magic, Forget Spell, Renounce Religion


You were in the Dungeon.
You worshipped Sif Muna.
Sif Muna was most pleased with you.
You visited 1 branch

Inventory:

Hand Weapons
 m - a +1 long sword of holy wrath (weapon)
Scrolls
 g - a scroll of blinking
 h - 3 scrolls of remove curse
 i - 5 scrolls of amnesia
 j - a scroll of summoning
 k - 2 scrolls of vulnerability
Potions
 a - 2 potions of invisibility
 b - 6 potions of curing
 c - 6 potions of heal wounds
 d - a potion of haste
 e - 4 potions of magic
 f - 3 potions of berserk rage


   Skills:
 + Level 2.8 Fighting
 + Level 3.6 Dodging
 - Level 2.6 Stealth
 + Level 3.4 Spellcasting
 + Level 5.0 Conjurations
 + Level 0.7 Hexes
 + Level 0.1 Invocations


You had 2 spell levels left.
You knew the following spells:

 Your Spells              Type           Power        Failure   Level
a - Magic Dart            Conj           ###.         1%          1
b - Searing Ray           Conj           ###...       2%          2
c - Dazzling Flash        Conj/Hex       ###...       12%         3

Your spell library contained the following spells:

 Spells                   Type           Power        Failure   Level
 Fulminant Prism          Conj/Hex       ###.......   36%         4
 Iskenderun's Mystic Bla  Conj/Tloc      ##......     41%         4


Dungeon Overview and Level Annotations

Branches:
Dungeon (1/1)

Altars:
Ashenzari
Cheibriados
Dithmenos
Elyvilon
Fedhas
Gozag
Hepliaklqana
Kikubaaqudgha
Makhleb
Nemelex Xobeh
Okawaru
Qazlal
Ru
Sif Muna
Trog
Uskayaw
Vehumet
Wu Jian
Xom
Yredelemnul
Zin
The Shining One
Beogh
Jiyva
Lugonu


Innate Abilities, Weirdness & Mutations

You cannot wear most types of armour.
You are very stealthy in the water. (Stealth+)
You are amphibious.
You can wear up to eight rings at the same time.
You can use your tentacles to constrict eight enemies at once.
Your skin changes colour to match your surroundings (Stealth+).
Your rubbery body absorbs attacks. (AC +1, EV +1)


Message History

The orc warrior hits you from afar with a +0 trident!
Casting: Searing Ray (safe; 2% risk of failure)
Confirm with . or Enter, or press ? or * to list all spells.
Aiming: Searing Ray (safe; 2% risk of failure)
Press: ? - help, Shift-Dir - straight line, f/p - deep elf mage
Aim: a deep elf mage, wielding a +0 short sword The searing ray hits the deep elf mage!
The deep elf mage is moderately wounded.
The searing ray hits the orc warrior.
The orc warrior is heavily wounded.
The searing ray hits the orc!
You kill the orc!
Sif Muna accepts your kill. (Press . to maintain the ray.)
The deep elf mage misses you.
You riposte.
You closely miss the deep elf mage. Your grab misses the deep elf mage.
The deep elf mage is moderately wounded.
The orc warrior hits you from afar with a +0 trident!!
Ouch! That really hurt!
You die...

#...........'.....
#'#####'#####.....
#.#..#...'.##.....
#.#..#...#.#####'#
#.#..#####.##.....
#.#..'..)#)##.....
#.#.†'...÷)##.....
#.#.†########...<.
#@#..'[))).##.....
#e#..#[))).##.....
#o###########.....
#)o.oo..# ######
#.###.Fh# #.# .#
#.# #.. #..


You could see a deep elf mage, an orc warrior and an orc.

Vanquished Creatures
  A gnoll (D)
  2 ufetubi (D)
  2 orcs (D)
  A goblin (D)
  4 jackals (D)
  A kobold (D)
  A quokka (D)
  A ball python (D)
  A bat (D)
14 creatures vanquished.

Notes
Turn   | Place    | Note
-------+----------+-------------------------------------------
     0 | D        | sahdkjhfkaj the Octopode Conjurer began the quest for the
                  | Orb.
     0 | D        | Reached XP level 1. HP: 11/11 MP: 3/3
    14 | D        | Reached skill level 1 in Fighting
    66 | D        | Found a bloodstained altar of Trog.
    66 | D        | Found a shimmering blue altar of Sif Muna.
    66 | D        | Found a viscous altar of Jiyva.
    66 | D        | Found a hazy altar of Hepliaklqana.
    66 | D        | Found an opulent altar of Gozag.
    67 | D        | Found a glowing golden altar of the Shining One.
    67 | D        | Found a glowing silver altar of Zin.
    67 | D        | Found a basalt altar of Yredelemnul.
    67 | D        | Found a shimmering altar of Xom.
    67 | D        | Found an ornate altar of the Wu Jian Council.
    67 | D        | Found a sacrificial altar of Ru.
    67 | D        | Found a stormy altar of Qazlal.
    67 | D        | Found an iron altar of Okawaru.
    67 | D        | Found a sparkling altar of Nemelex Xobeh.
    67 | D        | Found a burning altar of Makhleb.
    67 | D        | Found a blossoming altar of Fedhas.
    67 | D        | Found a white marble altar of Elyvilon.
    67 | D        | Found a shadowy altar of Dithmenos.
    67 | D        | Found a snail-covered altar of Cheibriados.
    69 | D        | Found a corrupted altar of Lugonu.
    69 | D        | Found a radiant altar of Vehumet.
    69 | D        | Found a roughly hewn altar of Beogh.
    70 | D        | Found an ancient bone altar of Kikubaaqudgha.
    70 | D        | Found a hide-covered altar of Uskayaw.
    70 | D        | Found a broken altar of Ashenzari.
    73 | D        | Became a worshipper of Sif Muna the Loreminder
   106 | D        | Reached XP level 2. HP: 9/19 MP: 0/5
   261 | D        | Learned a level 2 spell: Searing Ray
   270 | D        | Reached * piety under Sif Muna
   402 | D        | Reached XP level 3. HP: 18/25 MP: 2/7
   402 | D        | Reached ** piety under Sif Muna
   407 | D        | Learned a level 3 spell: Dazzling Flash
   503 | D        | Reached skill level 5 in Conjurations
   649 | D        | Noticed a bullfrog
   653 | D        | Reached *** piety under Sif Muna
   662 | D        | Noticed an orc warrior
   663 | D        | Noticed a deep elf mage
   671 | D        | Mangled by an orc warrior

Illustrated notes

Levels and vault maps discovered:
D:        pitsprint [storerooms_1, entrance_room_1, metal_vault_5, armoury_1,
          mini_pit_1, grid_room_1, main_hall_1, silver_pit, the_coven_1,
          the_vestibule_1, steel_vault_3, golden_pit, hallway_of_sentries,
          crystal_vault_4, iron_vault_1, final_vault]

Skill      XL: |  1  2  3 |
---------------+----------+-----
Fighting       | 1 2 |  2.8
Dodging        | 3 |  3.6
Spellcasting   | 3 |  3.4
Conjurations   | 5 |  5.0
Stealth        | |  2.6
Hexes          | |  0.7
Invocations    | |  0.1

Action                   || total
-------------------------++-------
Melee: Falchion          ||     3
       Long sword        ||     3
       Constrict         ||     2
       Tentacles         ||     1
 Cast: Magic Dart        ||     8
       Searing Ray       ||     7
Invok: Channel Magic     ||     1
Armor: Skin              ||     2
Dodge: Dodged            ||    13
       Rpst.: Long sword ||     3

Table legend: (Time is in decaauts)
 A = Elapsed time spent in this place.
 B = Non-inter-level travel time spent in this place.
 C = Inter-level travel time spent in this place.
 D = Time resting spent in this place.
 E = Time spent auto-exploring this place.
 F = Levels seen in this place.
 G = Mean time per level.
                   A        B        C        D        E       F      G
               +--------+--------+--------+--------+--------+-----+--------+
         Total |    672 |    649 |     23 |    483 |      0 |   1 |  672.0 |
       Dungeon |    672 |    649 |     23 |    483 |      0 |   1 |  672.0 |
               +--------+--------+--------+--------+--------+-----+--------+

Top non-repeatable levels by time:
       D: 672 daAuts
